 Dungeon Crawl Stone Soup version 0.17.1-2-g5865329 (webtiles) character file.

7825 Shiningcloud the Cleaver (level 11, -1/97 HPs)
             Began as a Hill Orc Fighter on Feb 21, 2016.
             Was an Elder of the Shining One.
             Killed from afar by an oklob plant (14 damage)
             ... with a splash of acid
             ... on level 10 of the Dungeon on Feb 27, 2016.
             The game lasted 01:00:03 (8084 turns).

Shiningcloud the Cleaver (Hill Orc Fighter)         Turns: 8084, Time: 01:00:04

Health: -1/97      AC:  0    Str: 23    XL:     11   Next: 21%
Magic:  2/3        EV:  7    Int:  8    God:    the Shining One [****..]
Gold:   371        SH: 19    Dex: 10    Spells: 0 memorised, 10 levels left

rFire  + . .     SeeInvis .     D - +2 war axe (antimagic)
rCold  . . .     Clarity  +     j - +1 plate armour
rNeg   + + .     SustAt   +     c - +1 shield
rPois  +         Gourm    .     m - +0 helmet
rElec  .         Spirit   .     (no cloak)
rCorr  .         Warding  .     (no gloves)
rMut   .         Stasis   .     (no boots)
MR     .....                    l - amulet of clarity
Stlth  ..........               q - ring of sustain attributes
                                u - ring of poison resistance

@: divine shield, corroded equipment, glowing, not resistant to hostile
enchantments, extremely unstealthy
A: fire resistance 1, mutation resistance 1
a: Divine Shield, Cleansing Flame, Renounce Religion


You were on level 10 of the Dungeon.
You worshipped the Shining One.
The Shining One was greatly pleased with you.
You were not hungry.

You visited 1 branch of the dungeon, and saw 10 of its levels.

You collected 683 gold pieces.
You spent 312 gold pieces at shops.

Inventory:

Hand Weapons
 a - a +1 war axe
 i - a +0 trident of protection
 p - a +0 flail of protection
 D - a +2 antimagic war axe (weapon)
Armour
 c - a +1 shield (worn)
 j - a +1 plate armour (worn)
 k - a +3 ring mail
 m - a +0 helmet (worn)
 H - a +1 hat
Rods
 o - a -2 lightning rod (9/9)
   (You found it on level 10 of the Dungeon)
Jewellery
 e - an uncursed ring of wizardry
 h - an uncursed ring of flight
 l - an amulet of clarity (around neck)
 q - a ring of sustain attributes (right hand)
 u - a ring of poison resistance (left hand)
 w - an uncursed amulet of faith
Wands
 n - a wand of frost (25)
 y - a wand of fireball (12)
 A - a wand of teleportation (3)
 G - a wand of enslavement (18)
Scrolls
 x - a scroll of enchant weapon
 K - a scroll of fog
Potions
 b - 2 potions of haste
 B - a potion of flight
 I - 3 potions of lignification
 J - a potion of berserk rage
Books
 z - a book of Battle

   Spells                             Type                      Level
   a - Infusion                       Charms                       1
   b - Shroud of Golubria             Charms/Translocation         2
   c - Song of Slaying                Charms                       2
   d - Spectral Weapon                Hexes/Charms                 3
   e - Regeneration                   Charms/Necromancy            3
Comestibles
 d - 7 beef jerkies
 f - 7 fruits
 g - 5 meat rations
 s - 3 bread rations


   Skills:
 + Level 9.1 Fighting
 + Level 12.4 Axes
 + Level 1.8 Throwing
 + Level 8.5 Armour
 + Level 2.8 Dodging
 + Level 1.2 Stealth
 + Level 10.1 Shields
 + Level 0.3 Invocations


You had 10 spell levels left.
You didn't know any spells.

Dungeon Overview and Level Annotations

Branches:
Dungeon (10/15)            Temple (0/1) D:4            Lair (0/8) D:10
    Orc (0/4) D:10

Altars:
Ashenzari
Dithmenos
Fedhas
Makhleb
Okawaru
Sif Muna
Xom
The Shining One

Shops:
D:10 [(?

Annotations:
D:9 exclusion: orange crystal statue
D:10 exclusion: oklob plant


Innate Abilities, Weirdness & Mutations

Your flesh is heat resistant.
You are somewhat resistant to further mutation.


Message History

You hit the plant but do no damage.
The plant is severely damaged.
You hit the plant but do no damage.
The plant is severely damaged.
You completely miss the oklob plant.
The oklob plant is almost destroyed.
You hit the plant but do no damage.
The plant is severely damaged.
You hit the plant but do no damage.
The plant is severely damaged.
You hit the oklob plant but do no damage.
The oklob plant is almost destroyed.
You hit the plant but do no damage.
The plant is severely damaged.
You completely miss the plant.
The plant is severely damaged.
Your divine shield starts to fade.
The oklob plant spits acid at you. The splash of acid hits you!
You die...

#........#....# ##.###.##.)....#
#.#####....##.#####..#.###......#
#.# #.#####.........## ##.._...
#.# #).# ########..#####.....#
#.# #....##### #..............#
#.# #...#.......#..#.####.#....
..# #.... #...#....#.# #.#####
### #....##.PP##...#.# #.#
#..#..PPPP@..#...#
#...P>P...#...# #...PPP...#.#.#
$.##PPP##...#.# . .#...#....#.#
.......#.(..# .#######...### .
#..!..### #.#.### #####


You could see an oklob plant.

Vanquished Creatures
  Erica (D:9)
  2 hill giants (D:10)
  A gargoyle (D:10)
  Sigmund (D:6)
  A hungry ghost (D:9)
  A hippogriff (D:9)
  Duvessa (D:6)
  A water moccasin (D:10)
  5 orc warriors
  5 ice beasts
  A black bear (D:8)
  3 sky beasts
  4 centaurs
  A crocodile (D:7)
  3 ogres
  A big kobold (D:10)
  7 giant frogs
  Dowan (D:6)
  2 wyvern skeletons (D:8)
  13 killer bees
  17 wights
  4 crimson imps
  9 orc wizards
  2 jellies
  A centaur skeleton (D:9)
  A giant frog skeleton (D:10)
  5 hounds
  3 iguanas
  4 orc priests
  A gnoll shaman (D:9)
  7 worker ants
  2 worker ant zombies
  7 gnolls
  13 adders
  2 shadow imps
  3 oozes
  5 adder skeletons
  4 worms
  8 giant geckos
  30 orcs
  6 bats
  A bat skeleton (D:2)
  4 giant cockroaches
  7 goblins
  11 hobgoblins
  12 jackals
  5 quokkas
  5 ball pythons
  A ball python skeleton (D:5)
  A giant gecko skeleton (D:2)
  4 giant newts
  A jackal skeleton (D:5)
  10 kobolds
  A quokka skeleton (D:7)
  8 rats
260 creatures vanquished.

Vanquished Creatures (others)
  An unseen horror (D:10)
  A centaur skeleton (D:10)
  4 yaks (D:10)
  An orc warrior (D:10)
  A big kobold (D:10)
  A scorpion (D:10)
  A giant frog skeleton (D:10)
  4 orcs (D:10)
  A kobold (D:10)
15 creatures vanquished.

Grand Total: 275 creatures vanquished

Notes
Turn   | Place    | Note
--------------------------------------------------------------
     0 | D:1      | Shiningcloud the Hill Orc Fighter began the quest for the Orb.
     0 | D:1      | Reached XP level 1. HP: 19/19 MP: 1/1
    83 | D:1      | Reached XP level 2. HP: 18/27 MP: 2/2
   261 | D:1      | Reached XP level 3. HP: 31/33 MP: 3/3
   478 | D:2      | Found a burning altar of Makhleb.
   478 | D:2      | Found a deep blue altar of Sif Muna.
   480 | D:2      | Found a glowing golden altar of the Shining One.
   519 | D:2      | Found a shattered altar of Ashenzari.
   527 | D:2      | Reached skill level 4 in Fighting
   570 | D:2      | Became a worshipper of the Shining One
   978 | D:2      | Reached XP level 4. HP: 38/40 MP: 4/4
  1035 | D:2      | Gained mutation: Your flesh is heat resistant. [potion of mutation]
  1035 | D:2      | Gained mutation: You are somewhat resistant to further mutation. [potion of mutation]
  1109 | D:2      | Reached skill level 1 in Dodging
  1446 | D:3      | Reached XP level 5. HP: 44/46 MP: 5/5
  1570 | D:3      | Reached * piety under the Shining One
  2085 | D:4      | Reached XP level 6. HP: 28/53 MP: 6/6
  2356 | D:4      | Reached skill level 5 in Axes
  2358 | D:4      | Reached skill level 5 in Shields
  2546 | D:4      | Found a staircase to the Ecumenical Temple.
  2977 | D:5      | Entered Level 5 of the Dungeon
  3004 | D:5      | Reached skill level 5 in Fighting
  3004 | D:5      | Reached XP level 7. HP: 38/61 MP: 7/7
  3100 | D:5      | Found a shimmering altar of Xom.
  3127 | D:5      | Reached skill level 1 in Stealth
  3286 | D:5      | Reached skill level 5 in Armour
  3662 | D:6      | Reached skill level 6 in Axes
  3789 | D:6      | Noticed Sigmund
  3797 | D:6      | Killed Sigmund
  3797 | D:6      | Reached XP level 8. HP: 68/70 MP: 8/8
  3809 | D:6      | Noticed a two-headed ogre
  3932 | D:6      | Reached skill level 7 in Axes
  4085 | D:6      | Noticed Dowan
  4086 | D:6      | Noticed Duvessa
  4092 | D:6      | Killed Duvessa
  4095 | D:6      | Killed Dowan
  4244 | D:7      | Reached skill level 8 in Axes
  4360 | D:7      | Reached XP level 9. HP: 35/77 MP: 9/9
  4477 | D:7      | Reached ** piety under the Shining One
  4649 | D:7      | Reached skill level 9 in Axes
  5432 | D:8      | Reached skill level 1 in Throwing
  5653 | D:8      | Found a blossoming altar of Fedhas.
  5713 | D:8      | Reached XP level 10. HP: 86/86 MP: 10/10
  5748 | D:8      | Reached skill level 10 in Axes
  5757 | D:8      | Found an iron altar of Okawaru.
  5796 | D:8      | Reached *** piety under the Shining One
  5945 | D:8      | Found a shadowy altar of Dithmenos.
  6267 | D:9      | Noticed Erica
  6280 | D:9      | Killed Erica
  6387 | D:9      | Reached skill level 11 in Axes
  6456 | D:9      | Noticed an orange crystal statue
  7189 | D:10     | Entered Level 10 of the Dungeon
  7190 | D:10     | Reached **** piety under the Shining One
  7209 | D:10     | Killed an unseen horror
  7249 | D:10     | Found a deep blue altar of Sif Muna.
  7281 | D:10     | Found Esut's Magic Scroll Boutique.
  7292 | D:10     | Bought a scroll of identify for 24 gold pieces
  7292 | D:10     | Bought a scroll of remove curse for 36 gold pieces
  7292 | D:10     | Bought a scroll of enchant weapon for 90 gold pieces
  7292 | D:10     | Bought a scroll of blinking for 90 gold pieces
  7292 | D:10     | Bought a scroll of identify for 24 gold pieces
  7292 | D:10     | Bought a scroll of identify for 24 gold pieces
  7292 | D:10     | Bought a scroll of identify for 24 gold pieces
  7436 | D:10     | Reached skill level 12 in Axes
  7443 | D:10     | Reached XP level 11. HP: 46/95 MP: 3/11
  7446 | D:10     | Found Gewk's Armour Shop.
  7446 | D:10     | Found a staircase to the Orcish Mines.
  7460 | D:10     | Found Gotwuama's Weapon Shop.
  7550 | D:10     | Noticed a hill giant
  7556 | D:10     | Noticed a hill giant
  7557 | D:10     | Killed a hill giant
  7557 | D:10     | Reached skill level 10 in Shields
  7560 | D:10     | Found a shimmering altar of Xom.
  7561 | D:10     | Noticed a hill giant
  7837 | D:10     | Killed a hill giant
  8045 | D:10     | Noticed an oklob plant
  8047 | D:10     | Found a staircase to the Lair.
  8084 | D:10     | Killed from afar by an oklob plant

Action                   |  1- 3 |  4- 6 |  7- 9 | 10-12 || total
-------------------------+-------+-------+-------+-------++-------
Melee: War axe           |   102 |   204 |   314 |   363 ||   983
Throw: Tomahawk          |       |       |    18 |     9 ||    27
       Throwing net      |       |       |     1 |       ||     1
Invok: Divine Shield     |       |       |       |     3 ||     3
  Use: Scroll            |     4 |     4 |     6 |    13 ||    27
       Potion            |     1 |    14 |     8 |     3 ||    26
 Stab: Invisible         |       |     1 |       |       ||     1
  Eat: Bread ration      |     1 |     1 |     1 |     1 ||     4
       Fruit             |       |       |     3 |       ||     3
       Royal jelly       |       |       |     1 |     1 ||     2
       Pizza             |       |       |     1 |       ||     1
       Beef jerky        |       |       |       |     2 ||     2
       Meat ration       |       |       |       |     1 ||     1
